AoeStats
← josiahkane

Golden Pit

507660423Analyzed
1v1 RM · 14d ago on Sep 19, 2026· 19m 12s· 2 players
Game mode
Random Map
Map size
Tiny (2 player)
Population
200
Speed
Normal
Resources
Standard
Victory
Conquest
Starting age
Dark Age
Ending age
Imperial Age
RankedLock teamsTeams togetherTeam positionsShared explorationLock speedFull tech treeHidden civsTurbo modeCheats
Victory
Defeat
🇱🇻 Mongols · Latvia
888
+16
🇬🇧 Armenians · United Kingdom
887
-16
josiahkane
9:51 Feudal Age
10:50 Man-at-Arms
17:48 Double-Bit Axe
Veloceraptor
6:57 Loom
9:07 Feudal Age
10:18 Scale Mail Armor
10:30 Man-at-Arms
11:57 Horse Collar
15:24 Fletching
Connection lost

Rejoining the realm…

Still unreachable

The connection could not be restored.

Session expired

The server has moved on; the page needs a fresh start.